 Dungeon Crawl Stone Soup version 0.19.1 (webtiles) character file.

119 graki42 the Cutter (level 5, 0/36 HPs)
             Began as a Halfling Berserker on Dec 23, 2016.
             Was a Believer of Trog.
             Succumbed to a kobold's poison
             ... on level 3 of the Dungeon.
             The game lasted 00:05:25 (2104 turns).

graki42 the Cutter (Halfling Berserker)             Turns: 2104, Time: 00:05:26

Health: 0/36       AC:  6    Str: 18    XL:     5   Next: 23%
Magic:  5/5        EV: 14    Int:  6    God:    Trog [**....]
Gold:   146        SH:  0    Dex: 14    Spells: 0 memorised, 4 levels left

rFire  . . .     SeeInvis .     a - +0 short sword
rCold  . . .     Gourm    .     f - +0 ring mail
rNeg   . . .     Faith    .     (shield restricted)
rPois  .         Spirit   .     l - +0 helmet
rElec  .         Reflect  .     (no cloak)
rCorr  .         Harm     .     (no gloves)
MR     .....                    (no boots)
Stlth  +.........               (no amulet)
                                (no ring)
                                (no ring)

@: lethally poisoned (0 -> -10)
A: mutation resistance 1
a: Berserk, Trog's Hand, Burn Spellbooks, Renounce Religion


You were on level 3 of the Dungeon.
You worshipped Trog.
Trog was pleased with you.
You were near starving.

You visited 1 branch of the dungeon, and saw 3 of its levels.

You collected 146 gold pieces.

Inventory:

Hand Weapons
 a - a +0 short sword (weapon)
Armour
 b - a +0 animal skin
 f - a +0 ring mail (worn)
 l - a +0 helmet (worn)
Scrolls
 e - a scroll of immolation {unknown}
 h - 2 scrolls of enchant weapon {unknown}
 i - 3 scrolls of noise {unknown}
 j - a scroll of teleportation {unknown}
 k - 3 scrolls of identify {unknown}
Potions
 d - 2 potions of brilliance {unknown}
 g - a potion of mutation {unknown}
 n - a potion of might {unknown}
 o - 2 potions of heal wounds {unknown}
 q - a potion of curing {unknown}
 r - a potion of cancellation {unknown}
Comestibles
 c - a bread ration
 m - 7 fruits
 p - a meat ration


   Skills:
 + Level 3.3 Fighting
 + Level 4.9 Short Blades
 + Level 3.0 Armour
 + Level 3.2 Dodging


You had 4 spell levels left.
You didn't know any spells.

Dungeon Overview and Level Annotations

Branches:
Dungeon (3/15)

Altars:
Ashenzari
Fedhas
Trog
Uskayaw


Innate Abilities, Weirdness & Mutations

You are small and have problems with some larger weapons.
You are somewhat resistant to further mutation.


Message History

The dart slug is heavily wounded.
* * * LOW HITPOINT WARNING * * *
You feel sick. The kobold completely misses you.
You hit the dart slug.
The dart slug is severely wounded.
* * * LOW HITPOINT WARNING * * *
You feel sick. The dart slug launches a dart at you. The slug dart misses you.
The kobold misses you.
You hit the dart slug.
You kill the dart slug!
Trog accepts your kill.
Your Armour skill increases to level 3!
* * * LOW HITPOINT WARNING * * *
You feel sick.
You completely miss the kobold.
* * * LOW HITPOINT WARNING * * *
You feel sick. The kobold hits you but does no damage.
You barely miss the kobold.
You die...

#.#########.# #..# .....##
#...##....#.# ##..####(####
###.##....#.# #............ ##
#.##....#.###.#.###.##### .#
#.##....#.#...#....(..... .#
#.##....#.#.#.....#(##### .#
#.##....#.#.#......(# .#
#.##...K#.#.#.......# .#
#.#.....@(.....#.)..#
.########.#.....#.#....#.........
..........#.....#.#....#...######
.........##.#####.#..........
..........# #.#...##.....#
..........# #.#....#.#(....
....?.....# ..#..#.#.#...##
......!...... ..#..#.#. ....
<.........##.. ...#


You could see a kobold.

Vanquished Creatures
  6 adders
  3 dart slugs
  2 leopard geckos (D:1)
  An orc (D:3)
  A ball python (D:2)
  9 bats
  A giant cockroach (D:3)
  5 goblins
  5 hobgoblins
  6 jackals
  5 kobolds
  A quokka (D:3)
  4 frilled lizards (D:1)
  3 rats
52 creatures vanquished.

Notes
Turn   | Place    | Note
-------+----------+-------------------------------------------
     0 | D:1      | graki42 the Halfling Berserker began the quest for the Orb.
     0 | D:1      | Reached XP level 1. HP: 15/15 MP: 1/1
    65 | D:1      | Reached skill level 4 in Short Blades
    65 | D:1      | Reached XP level 2. HP: 7/20 MP: 2/2
   407 | D:1      | You fall through a shaft!
   614 | D:1      | Reached XP level 3. HP: 22/26 MP: 3/3
   978 | D:2      | Reached XP level 4. HP: 31/31 MP: 4/4
  1076 | D:2      | Found a hide-covered altar of Uskayaw.
  1076 | D:2      | Found a bloodstained altar of Trog.
  1077 | D:2      | Found a shattered altar of Ashenzari.
  1179 | D:2      | Found a blossoming altar of Fedhas.
  1829 | D:3      | Reached ** piety under Trog
  1835 | D:3      | Noticed an orc warrior
  1852 | D:2      | Reached XP level 5. HP: 15/36 MP: 5/5
  2103 | D:3      | HP: 1/36 [poisoned by a kobold]
  2104 | D:3      | Succumbed to a kobold's poison

Skill      XL: |  1  2  3  4  5 |
---------------+----------------+-----
Short Blades   | 4 |  4.9
Fighting       | 3 |  3.3
Dodging        | 3 |  3.2
Armour         | 3 |  3.0

Action                   |  1- 3 |  4- 6 || total
-------------------------+-------+-------++-------
Melee: Short sword       |    92 |   122 ||   214
Invok: Berserk           |     2 |     2 ||     4
       Trog's Hand       |       |     1 ||     1
  Eat: Chunk             |       |     6 ||     6
Armor: Animal skin       |     1 |       ||     1
       Ring mail         |    32 |    30 ||    62
Dodge: Dodged            |    85 |    95 ||   180
